Map: Concord LE

Players

DonNava

  • Race: Protoss Protoss
  • Spawn Location: 3:00

Rokko

  • Race: Terran Terran
  • Spawn Location: 3:00

Zeek

  • Race: Zerg Zerg
  • Spawn Location: 12:00

mamasboy

  • Race: Zerg Zerg
  • Spawn Location: 1:00

RayoftheSun

  • Race: Zerg Zerg
  • Spawn Location: 6:00

Goofy

  • Race: Zerg Zerg
  • Spawn Location: 9:00

destructor

  • Race: Protoss Protoss
  • Spawn Location: 6:00

Janubis

  • Race: Terran Terran
  • League: Silver
  • Spawn Location: 7:00

VOD

Have the link to the VOD?

Description

Time

  • Played on: Nov. 9, 2022, 11:39 a.m.
  • Length: 13:09
Show
View Real Time Build Order
Export as new Build Order

DonNava Protoss 

Build Orders: Carriers, Carrier Rush 

Get SALT Encoding   

  12  0:10  Probe  
  12  0:14  Pylon  
  13  0:22  Probe (Chrono Boost)  
  14  0:35  Probe (Chrono Boost)  
  15  0:36  Forge  
  15  0:40  Probe (Chrono Boost)  
  16  0:52  Assimilator  
  16  0:54  Probe  
  17  1:12  Probe  
  18  1:19  Pylon  
  18  1:22  Gateway  
  18  1:25  Probe (Chrono Boost)  
  19  1:34  Probe (Chrono Boost)  
  19  1:39  Probe (Chrono Boost)  
  21  1:53  Nexus  
  21  1:58  Assimilator  
  21  2:02  Pylon  
  21  2:13  Photon Cannon  
  21  2:16  Probe  
  22  2:28  Cybernetics Core  
  22  2:41  Photon Cannon  
  22  2:48  Pylon  
  22  3:10  Stargate  
  22  3:12  Stargate  
  22  3:15  Pylon  
  22  3:19  Probe (Chrono Boost)  
  24  3:21  Probe (Chrono Boost)  
  24  3:30  Probe (Chrono Boost)  
  24  3:31  Probe (Chrono Boost)  
  26  3:39  Probe (Chrono Boost)  
  26  3:40  Probe (Chrono Boost)  
  28  3:47  Probe (Chrono Boost)  
  30  3:49  Probe (Chrono Boost)  
  30  3:53  Probe (Chrono Boost)  
  31  3:56  Probe (Chrono Boost)  
  31  4:00  Probe  
  33  4:07  Probe  
  34  4:11  Fleet Beacon  
  34  4:12  Probe  
  34  4:16  Assimilator  
  35  4:19  Assimilator  
  35  4:20  Probe  
  36  4:24  Probe, Pylon  
  37  4:32  Probe  
  37  4:36  Probe  
  39  4:44  Probe  
  40  4:48  Probe  
  41  4:54  Carrier  
  41  4:56  Probe  
  48  5:00  Probe  
  48  5:04  Carrier  
  55  5:08  Probe  
  55  5:12  Shield Battery  
  56  5:20  Shield Battery  
  56  5:23  Photon Cannon  
  56  5:28  Photon Cannon  
  56  5:29  Probe  
  56  5:35  Shield Battery  
  57  5:38  Pylon  
  57  5:40  Photon Cannon  
  57  5:42  Photon Cannon  
  57  5:59  Carrier  
  63  6:08  Carrier  
  69  6:21  Pylon  
  69  6:25  Photon Cannon  
  68  6:53  Stargate  
  68  6:55  Stargate  
  68  6:59  Pylon  
  68  7:01  Protoss Shields Level 1  
  68  7:03  Carrier  
  68  7:05  Pylon  
  68  7:07  Pylon  
  74  7:17  Protoss Air Weapons Level 1  
  74  7:27  Carrier  
  80  7:41  Carrier  
  83  7:58  Nexus  
  83  8:07  Probe  
  83  8:11  Photon Cannon  
  84  8:16  Photon Cannon  
  84  8:19  Probe  
  85  8:21  Photon Cannon  
  85  8:26  Twilight Council  
  85  8:33  Carrier  
  91  8:40  Assimilator  
  91  8:42  Carrier  
  91  8:43  Assimilator  
  97  8:48  Pylon  
  97  8:51  Pylon  
  97  8:57  Probe x2  
  99  9:09  Probe x2  
  101  9:12  Shield Battery  
  101  9:15  Photon Cannon  
  101  9:21  Probe x2  
  103  9:29  Photon Cannon  
  103  9:34  Carrier  
  109  9:56  Probe (Chrono Boost)  
  110  10:03  Carrier  
  110  10:06  Probe (Chrono Boost)  
  117  10:09  Protoss Shields Level 2  
  117  10:11  Probe (Chrono Boost)  
  118  10:23  Probe  
  118  10:25  Cybernetics Core  
  119  10:29  Protoss Air Armor Level 1  
  119  10:34  Pylon  
  119  10:39  Pylon  
  119  10:43  Probe (Chrono Boost)  
  119  10:44  Photon Cannon  
  119  10:45  Photon Cannon  
  119  10:47  Photon Cannon  
  120  10:53  Probe (Chrono Boost)  
  121  10:58  Probe (Chrono Boost)  
  122  11:06  Robotics Facility  
  122  11:09  Probe  
  123  11:11  Carrier  
  123  11:13  Carrier  
  135  11:37  Carrier  
  147  11:40  Carrier  
  153  12:45  Nexus  
  153  12:48  Pylon x2  
  153  12:51  Pylon  
  165  12:52  Pylon  
Show
View Real Time Build Order
Export as new Build Order

Rokko Terran 

Build Orders:  

Get SALT Encoding   

  12  0:26  SCV  
  13  0:31  Supply Depot x2  
  13  0:38  SCV  
  14  0:50  SCV  
  14  0:54  Barracks  
  15  1:02  SCV  
  15  1:03  Refinery  
  16  1:06  Refinery  
  16  1:14  SCV  
  17  1:26  SCV  
  18  1:38  SCV  
  19  1:50  SCV  
  20  1:55  Factory  
  20  2:03  SCV  
  21  2:15  SCV  
  22  2:27  Command Center, SCV  
  23  2:39  SCV  
  23  2:41  Barracks Tech Lab  
  24  2:48  Factory Tech Lab  
  24  2:50  Barracks  
  24  2:57  Orbital Command  
  24  3:07  Siege Tank  
  24  3:10  Marine  
  28  3:27  Marine  
  28  3:28  SCV  
  30  3:39  Siege Tank  
  30  3:40  SCV  
  34  3:52  SCV  
  35  3:59  Barracks  
  35  4:00  Combat Shield  
  35  4:01  Barracks Tech Lab  
  35  4:04  SCV  
  35  4:09  Orbital Command  
  36  4:16  SCV  
  37  4:19  Siege Tank  
  37  4:22  Marine x2  
  42  4:29  SCV  
  42  4:31  Supply Depot  
  43  4:32  Supply Depot  
  43  4:40  Marine, Engineering Bay  
  43  4:41  SCV  
  43  4:44  Engineering Bay  
  45  4:53  SCV  
  45  4:54  Supply Depot  
  45  4:57  Supply Depot  
  46  5:07  Barracks Reactor  
  46  5:09  Missile Turret  
  46  5:11  Marine x2  
  48  5:24  SCV  
  48  5:27  SCV  
  50  5:29  Marine x2  
  50  5:31  Missile Turret  
  50  5:32  Terran Infantry Weapons Level 1  
  52  5:35  Terran Infantry Armor Level 1  
  52  5:36  SCV  
  52  5:38  Refinery  
  52  5:39  SCV  
  54  5:45  Refinery  
  54  5:47  Marine  
  54  5:48  SCV  
  56  5:51  SCV  
  56  5:52  Concussive Shells, Stimpack  
  56  5:54  Marine x3  
  60  6:00  SCV  
  61  6:05  Marine  
  61  6:08  Armory  
  62  6:11  Marine  
  62  6:12  SCV  
  64  6:23  Supply Depot  
  64  6:24  Supply Depot, SCV  
  65  6:36  SCV  
  65  6:37  Barracks  
  66  6:40  Barracks  
  66  6:47  Supply Depot  
  66  6:48  SCV  
  67  7:00  SCV  
  68  7:11  Command Center  
  68  7:12  Marine  
  68  7:13  Marine x3  
  72  7:25  Barracks  
  72  7:30  Marine  
  72  7:31  Marine x2, Barracks  
  72  7:34  Starport  
  72  7:35  Starport  
  75  7:42  SCV  
  75  7:44  Starport  
  76  7:55  SCV  
  76  7:57  Terran Infantry Weapons Level 2  
  77  8:01  Terran Infantry Armor Level 2  
  77  8:06  Barracks Reactor  
  77  8:07  SCV, Barracks Reactor  
  77  8:11  Refinery, Starport  
  78  8:15  Barracks Reactor  
  78  8:16  Barracks  
  78  8:18  Barracks Reactor  
  78  8:19  SCV, Barracks  
  79  8:30  Supply Depot  
  79  8:31  Supply Depot  
  79  8:33  Supply Depot  
  79  8:34  Supply Depot  
  79  8:36  Supply Depot  
  79  8:41  Starport Tech Lab, Starport Reactor x2  
  79  8:50  Starport Reactor  
  79  8:56  Planetary Fortress  
  79  9:00  Refinery  
  79  9:02  Marine x4  
  83  9:19  Marine  
  83  9:20  Marine x3  
  87  9:24  Barracks Reactor x2  
  87  9:27  Marine  
  87  9:28  Marine x7  
  95  9:37  Marine  
  96  9:45  Marine  
  96  9:46  Marine x7  
  104  10:01  Medivac  
  104  10:02  Medivac x6  
  104  10:03  Marine x2  
  120  10:16  SCV  
  121  10:29  SCV  
  121  10:31  Medivac  
  121  10:32  Medivac x6, Marine x5  
  121  10:33  Marine x7  
  148  10:41  SCV  
  149  10:50  Marine x7  
  149  10:51  Marine  
  157  11:00  Marine  
  157  11:01  SCV, Marine x3, Medivac  
  157  11:02  Medivac  
  166  11:08  Supply Depot  
  166  11:09  Supply Depot  
  166  11:11  Supply Depot  
  166  11:13  SCV  
  167  11:31  Supply Depot  
  167  11:32  Supply Depot  
  167  11:35  SCV  
  167  11:36  Supply Depot  
  168  11:47  SCV  
  169  11:56  Supply Depot  
  130  12:50  Marine x8  
  130  12:51  Marine x4  
Show
View Real Time Build Order
Export as new Build Order

Zeek Zerg 

Build Orders: Hatch First, Swarm Host 

Get SALT Encoding   

  12  0:12  Drone  
  13  0:18  Drone  
  14  0:48  Extractor  
  13  0:50  Extractor  
  13  0:53  Hatchery  
  13  0:54  Drone  
  13  0:55  Drone x2  
  16  1:19  Spawning Pool  
  15  1:34  Extractor  
  15  1:35  Extractor, Drone  
  14  1:44  Overlord  
  14  1:47  Hatchery  
  13  2:01  Drone  
  13  2:02  Drone  
  13  2:05  Drone x2  
  17  2:18  Drone  
  17  2:19  Drone  
  19  2:27  Drone x2  
  21  2:37  Lair  
  21  2:44  Drone  
  22  2:47  Drone  
  22  2:50  Drone  
  24  2:52  Extractor  
  24  2:55  Drone  
  24  2:59  Drone  
  24  3:02  Drone  
  26  3:05  Drone  
  26  3:09  Drone  
  26  3:12  Drone  
  29  3:15  Drone  
  30  3:25  Drone x3  
  33  3:32  Spore Crawler  
  32  3:35  Overlord  
  32  3:42  Infestation Pit  
  31  3:56  Nydus Network  
  30  4:22  Swarm Host x4  
  42  4:24  Overlord  
  42  4:25  Overlord x2  
  42  4:44  Swarm Host  
  42  4:45  Swarm Host x3  
  54  5:10  Swarm Host x4  
  66  5:24  Nydus Canal  
  60  6:01  Swarm Host  
  60  6:02  Swarm Host  
  66  6:07  Spore Crawler  
  66  6:09  Spore Crawler  
  64  6:13  Nydus Canal  
  64  6:23  Drone  
  64  6:24  Drone  
  65  7:06  Drone  
  65  7:08  Overlord x5  
  66  7:21  Overlord x3  
  66  7:25  Queen  
  66  7:26  Nydus Canal  
  68  7:38  Spine Crawler  
  68  7:40  Nydus Network  
  68  7:42  Spine Crawler, Spore Crawler  
  68  7:43  Extractor  
  63  8:01  Queen  
  65  8:19  Hydralisk Den  
  64  8:26  Nydus Canal  
  64  9:09  Nydus Canal  
  64  9:29  Hydralisk x9  
  82  9:55  Nydus Canal  
  72  10:47  Grooved Spines  
  64  10:51  Spore Crawler  
  64  10:53  Spore Crawler  
  64  10:54  Spore Crawler  
  64  10:56  Drone x2  
  64  10:57  Drone x9  
  70  10:59  Queen  
  70  11:01  Queen  
  76  11:12  Nydus Canal x2  
  76  11:36  Queen  
  76  11:37  Nydus Canal x2  
  78  11:55  Nydus Canal  
  78  11:56  Nydus Canal  
  78  12:04  Hydralisk x3  
  78  12:05  Hydralisk x4  
  92  12:24  Overlord x2  
  92  12:25  Overlord x2  
  92  12:51  Nydus Canal  
Show
View Real Time Build Order
Export as new Build Order

mamasboy Zerg 

Build Orders: Hatch First 

Get SALT Encoding   

  12  0:01  Drone  
  13  0:08  Drone  
  14  0:16  Overlord  
  14  0:35  Drone  
  15  0:36  Drone x2  
  17  0:53  Hatchery  
  17  0:56  Drone  
  17  1:00  Drone  
  18  1:13  Spawning Pool  
  18  1:16  Drone  
  18  1:20  Drone  
  19  1:40  Hatchery  
  19  1:42  Drone  
  19  1:45  Drone  
  20  1:51  Extractor, Drone  
  20  2:00  Queen  
  22  2:08  Queen  
  22  2:11  Drone  
  22  2:14  Drone  
  26  2:17  Drone  
  27  2:23  Overlord  
  27  2:29  Overlord  
  27  2:35  Overlord  
  27  2:39  Drone  
  27  2:43  Drone  
  29  2:45  Drone  
  30  2:53  Drone  
  30  2:54  Drone  
  32  2:58  Lair  
  32  3:00  Drone  
  32  3:02  Drone  
  32  3:05  Drone  
  35  3:12  Queen  
  37  3:14  Drone  
  37  3:16  Drone  
  37  3:18  Drone  
  40  3:20  Drone  
  40  3:23  Drone  
  40  3:25  Drone  
  43  3:28  Drone  
  43  3:29  Drone  
  43  3:30  Drone  
  43  3:32  Drone  
  47  3:34  Drone  
  47  3:36  Drone  
  47  3:38  Drone  
  47  3:40  Drone  
  51  3:47  Drone  
  51  3:48  Drone  
  53  3:49  Drone  
  54  3:56  Drone  
  54  3:57  Drone  
  54  4:00  Drone  
  54  4:01  Extractor  
  56  4:06  Extractor x2  
  56  4:08  Extractor  
  56  4:09  Extractor, Drone x6  
  58  4:14  Spire  
  57  4:21  Overlord x5  
  57  4:28  Drone  
  58  4:39  Drone  
  58  4:40  Drone x9  
  58  4:41  Drone  
  58  4:45  Drone  
  70  4:48  Drone  
  71  5:04  Overlord x3  
  71  5:08  Hatchery  
  70  5:15  Evolution Chamber  
  70  5:16  Evolution Chamber  
  68  5:25  Mutalisk x6  
  68  5:27  Mutalisk  
  82  5:29  Mutalisk  
  82  5:30  Infestation Pit  
  82  5:33  Drone  
  82  5:34  Drone x2  
  82  5:35  Drone  
  87  5:36  Drone  
  87  5:38  Drone  
  87  5:39  Drone x2  
  87  5:41  Drone  
  92  5:43  Metabolic Boost  
  92  5:46  Mutalisk  
  94  5:54  Mutalisk  
  94  5:55  Mutalisk x2  
  100  6:00  Mutalisk  
  100  6:16  Mutalisk x2  
  100  6:17  Mutalisk  
  104  6:23  Queen  
  104  6:24  Drone x8  
  104  6:25  Drone x3  
  117  6:26  Extractor  
  117  6:27  Overlord  
  117  6:29  Extractor, Overlord  
  113  6:34  Overlord  
  113  6:35  Overlord  
  113  6:37  Zerg Flyer Weapons Level 1  
  112  6:40  Spire, Overlord  
  112  6:46  Mutalisk  
  111  6:48  Overlord  
  111  6:49  Overlord  
  111  6:55  Mutalisk x2  
  111  7:01  Overlord  
  115  7:06  Drone  
  115  7:07  Drone x4  
  120  7:09  Drone  
  120  7:13  Zerg Melee Weapons Level 1, Zerg Ground Armor Level 1  
  120  7:15  Hatchery  
  120  7:16  Hive  
  120  7:21  Drone  
  120  7:22  Drone x3  
  124  7:26  Overlord  
  124  7:27  Overlord x2  
  124  7:32  Drone  
  124  7:36  Drone  
  126  7:38  Extractor, Drone x5  
  126  7:41  Extractor, Overlord  
  126  7:42  Overlord x2  
  126  7:43  Mutalisk  
  129  7:45  Mutalisk  
  129  7:48  Mutalisk  
  135  7:56  Mutalisk x4  
  143  8:03  Mutalisk  
  143  8:04  Mutalisk x2  
  149  8:08  Zerg Flyer Armor Level 1  
  149  8:18  Overlord x3  
  149  8:19  Mutalisk  
  151  8:23  Pathogen Glands  
  151  8:35  Adrenal Glands  
  151  8:40  Queen  
  153  8:50  Extractor  
  153  8:51  Extractor, Hatchery  
  148  9:00  Mutalisk x6  
  158  9:05  Mutalisk  
  160  9:19  Neural Parasite  
  148  9:27  Zerg Missile Weapons Level 1, Zerg Ground Armor Level 2  
  148  9:29  Hydralisk Den, Evolution Chamber  
  148  9:30  Zergling x6  
  148  9:31  Zergling x48  
  165  9:41  Ultralisk Cavern  
  155  9:45  Queen  
  155  9:50  Drone x7  
  164  9:57  Baneling Nest  
  164  9:58  Zerg Melee Weapons Level 2  
  163  10:03  Drone  
  163  10:04  Drone x2  
  166  10:10  Grooved Spines  
  166  10:16  Zerg Flyer Weapons Level 2  
  166  10:29  Viper x2  
  166  10:31  Viper  
  166  10:33  Viper  
  178  10:36  Viper  
  178  10:38  Viper  
  178  10:42  Centrifugal Hooks  
  184  10:45  Baneling  
  184  10:46  Baneling x4  
  184  10:47  Baneling  
  184  10:48  Baneling x3  
  184  10:49  Baneling  
  184  10:50  Baneling x2  
  184  10:51  Baneling  
  184  10:52  Baneling  
  184  10:53  Baneling x2  
  184  10:54  Baneling x2  
  184  11:12  Spore Crawler  
  184  11:13  Spore Crawler  
  184  11:15  Spore Crawler  
  184  11:16  Chitinous Plating  
  181  11:21  Muscular Augments  
  181  11:34  Baneling  
  181  11:35  Mutalisk, Baneling x4  
  181  11:36  Mutalisk x8  
  181  11:38  Baneling x5  
  184  11:58  Corruptor x3  
  184  11:59  Corruptor x2  
  190  12:06  Pneumatized Carapace  
  148  12:28  Hatchery  
  133  12:37  Corruptor x4  
  133  12:38  Corruptor  
  134  12:55  Drone  
  134  12:56  Drone x3  
  134  12:57  Spire  
Show
View Real Time Build Order
Export as new Build Order

RayoftheSun Zerg 

Build Orders: Pool First 

Get SALT Encoding   

  12  0:02  Drone  
  13  0:08  Drone  
  14  0:18  Overlord  
  14  0:38  Drone  
  14  0:40  Spawning Pool  
  14  0:42  Drone  
  15  0:48  Drone  
  15  0:49  Extractor  
  15  0:57  Drone  
  16  1:09  Drone  
  17  1:21  Drone  
  18  1:28  Zergling x2  
  18  1:29  Queen  
  21  1:57  Drone  
  22  2:03  Hatchery  
  22  2:04  Overlord  
  22  2:05  Roach Warren  
  20  2:37  Lair  
  20  2:42  Drone  
  20  2:43  Drone x5  
  26  2:47  Extractor  
  25  3:29  Drone x3  
  25  3:30  Drone  
  29  3:38  Spire  
  29  3:39  Zergling x6  
  29  3:40  Roach  
  33  4:06  Metabolic Boost  
  33  4:09  Drone  
  35  4:10  Drone x2, Overlord  
  35  4:11  Overlord  
  36  4:18  Glial Reconstitution  
  36  4:26  Overlord x2  
  36  4:36  Drone  
  36  4:37  Drone  
  38  4:42  Extractor  
  38  4:45  Extractor  
  36  4:49  Corruptor  
  36  4:50  Corruptor x2  
  42  4:56  Drone x2  
  44  5:05  Burrow  
  44  5:12  Overseer  
  44  5:19  Queen  
  46  5:57  Hydralisk Den  
  45  6:10  Corruptor x2  
  49  6:12  Drone x5  
  49  6:13  Drone x2  
  56  6:33  Lurker Den  
  55  6:49  Zergling x14  
  59  7:00  Corruptor  
  59  7:01  Corruptor  
  61  7:08  Drone x4  
  67  7:27  Overlord x4  
  67  7:29  Hatchery  
  66  7:31  Muscular Augments  
  66  7:56  Hydralisk x2  
  66  7:57  Hydralisk x7  
  84  8:17  Hydralisk  
  84  8:18  Hydralisk x4  
  94  9:02  Queen  
  94  9:05  Hydralisk  
  94  9:07  Hydralisk, Corruptor x2  
  94  9:08  Corruptor  
  98  9:59  Infestation Pit  
  97  10:13  Drone x7  
  97  10:14  Drone x2  
  106  10:32  Overlord x3  
  106  10:38  Hive  
  106  10:41  Pneumatized Carapace  
  106  10:45  Grooved Spines  
  106  10:49  Queen  
  106  10:50  Hydralisk  
  106  10:51  Hydralisk x9  
  128  11:04  Hydralisk  
  128  11:05  Overlord x2  
  130  11:18  Corruptor  
  128  11:19  Overlord  
  130  11:28  Corruptor x2  
Show
View Real Time Build Order
Export as new Build Order

Goofy Zerg 

Build Orders: Hatch First 

Get SALT Encoding   

  12  0:02  Drone  
  13  0:45  Drone  
  13  0:49  Extractor, Overlord  
  13  0:52  Drone  
  14  1:07  Hatchery  
  13  1:22  Drone x3  
  16  1:37  Drone  
  17  2:01  Drone x2  
  19  2:12  Spawning Pool  
  19  2:14  Extractor  
  17  2:16  Drone x2  
  17  2:19  Overlord  
  19  3:02  Drone x3  
  19  3:03  Drone x3  
  25  3:05  Metabolic Boost  
  25  3:11  Lair  
  25  3:12  Queen  
  27  3:22  Zergling x2  
  27  3:23  Zergling x2  
  29  3:34  Hatchery  
  28  3:51  Drone x2  
  30  3:57  Extractor  
  30  3:59  Drone  
  30  4:06  Drone x5  
  35  4:15  Spore Crawler, Drone  
  35  4:21  Overlord  
  35  4:30  Drone  
  36  4:35  Overlord  
  36  4:38  Pneumatized Carapace  
  36  4:39  Queen  
  38  4:51  Spine Crawler  
  37  4:54  Spine Crawler  
  37  4:55  Drone  
  37  4:56  Zergling x10  
  42  5:04  Drone  
  42  5:05  Drone x2  
  45  5:11  Drone x2  
  47  5:29  Drone  
  47  5:30  Drone x2  
  47  5:33  Spine Crawler, Queen  
  45  6:15  Spire  
  45  6:16  Spore Crawler  
  45  6:18  Spore Crawler  
  42  6:19  Drone x2  
  42  6:20  Drone x2  
  42  6:24  Spore Crawler  
  45  6:31  Spore Crawler  
  44  6:33  Spore Crawler  
  43  6:44  Drone  
  43  6:45  Drone x3  
  46  7:08  Hatchery  
  45  7:26  Drone x2  
  45  7:27  Mutalisk x2  
  51  7:30  Overlord x4  
  51  7:35  Drone  
  51  7:36  Extractor  
  51  8:11  Mutalisk x4  
  59  8:13  Zerg Flyer Weapons Level 1  
  59  8:14  Hatchery  
  59  8:15  Mutalisk x4  
  59  8:16  Mutalisk x3  
  72  8:32  Extractor  
  72  8:34  Spine Crawler x2  
  69  8:49  Mutalisk x6  
  69  8:50  Mutalisk x3  
  87  9:15  Mutalisk x3  
  87  9:16  Zergling x2  
  82  9:35  Mutalisk x2  
  80  9:51  Drone x7  
  87  9:59  Extractor  
  63  10:32  Drone  
  63  10:33  Drone x2  
  66  10:37  Hatchery  
  65  10:43  Mutalisk x5  
  65  10:44  Mutalisk x3  
  79  11:02  Drone  
  79  11:04  Drone  
  81  11:07  Drone  
  82  11:26  Overseer x2  
  56  11:56  Mutalisk x5  
  58  12:09  Mutalisk x2  
  46  12:26  Spore Crawler x2  
Show
View Real Time Build Order
Export as new Build Order

destructor Protoss 

Build Orders:  

Get SALT Encoding   

  12  0:05  Probe  
  13  0:29  Pylon  
  13  1:00  Forge  
  13  1:09  Gateway  
  13  1:20  Pylon  
  13  1:43  Photon Cannon  
  13  1:48  Photon Cannon  
  13  2:01  Photon Cannon  
  13  2:25  Photon Cannon  
  13  2:36  Nexus  
  13  3:00  Nexus  
  13  3:17  Pylon  
  13  3:27  Pylon  
  13  3:45  Photon Cannon  
  13  3:47  Assimilator  
  13  3:54  Assimilator  
  13  4:03  Photon Cannon  
  13  4:05  Probe  
  14  4:17  Probe  
  14  4:19  Probe  
  16  4:30  Probe  
  17  4:31  Probe  
  18  4:42  Probe  
  18  4:44  Probe  
  20  4:54  Probe  
  20  4:56  Probe  
  20  4:58  Photon Cannon  
  22  5:04  Photon Cannon  
  22  5:08  Probe  
  23  5:16  Assimilator  
  23  5:20  Probe  
  24  5:22  Assimilator  
  24  5:31  Assimilator  
  24  5:32  Probe  
  25  5:37  Probe  
  25  5:38  Assimilator  
  26  5:44  Probe  
  26  5:49  Probe  
  28  5:52  Pylon  
  28  6:01  Probe  
  28  6:04  Pylon  
  29  6:13  Probe  
  29  6:18  Cybernetics Core  
  30  6:25  Probe  
  31  7:20  Stargate  
  31  7:28  Probe  
  32  7:36  Probe  
  33  7:41  Probe  
  34  7:49  Probe  
  36  7:51  Probe  
  36  7:53  Probe  
  37  8:01  Probe  
  37  8:03  Probe  
  37  8:05  Probe  
  40  8:14  Probe  
  40  8:15  Probe  
  40  8:17  Probe  
  43  8:27  Probe  
  44  8:29  Probe  
  45  8:39  Probe  
  46  8:42  Stargate  
  46  8:48  Stargate  
  46  8:51  Stargate  
  46  9:00  Stargate  
  46  9:31  Fleet Beacon  
  46  9:38  Robotics Facility  
  46  9:46  Twilight Council  
  58  10:02  Void Ray x3  
  58  10:22  Probe  
  58  10:25  Pylon  
  59  10:34  Probe  
  60  10:35  Dark Shrine  
  60  10:40  Robotics Bay  
  60  10:46  Probe  
  61  10:54  Pylon  
  61  11:02  Pylon  
  61  11:09  Pylon  
  61  11:21  Pylon  
  61  11:29  Photon Cannon  
  61  11:37  Photon Cannon  
  61  11:42  Photon Cannon  
  61  11:47  Photon Cannon  
  61  11:53  Photon Cannon  
  61  12:05  Photon Cannon  
  61  12:20  Photon Cannon  
  61  12:28  Photon Cannon  
Show
View Real Time Build Order
Export as new Build Order

Janubis Terran 

Build Orders:  

Get SALT Encoding   

  12  0:00  SCV  
  13  0:12  SCV  
  14  0:18  Supply Depot  
  14  0:24  SCV  
  15  0:39  Refinery  
  15  0:40  SCV  
  16  0:46  Barracks  
  16  0:52  SCV  
  17  1:05  SCV  
  18  1:14  Refinery  
  18  1:18  SCV  
  19  1:30  SCV  
  20  1:44  SCV  
  21  1:47  Command Center  
  21  1:53  Factory  
  21  1:54  Barracks Tech Lab  
  21  1:58  SCV  
  22  2:12  SCV  
  23  2:19  Supply Depot  
  23  2:22  Supply Depot  
  23  2:41  SCV  
  23  2:42  Starport  
  24  2:51  Barracks Tech Lab  
  24  2:54  SCV  
  25  3:03  SCV  
  25  3:04  Refinery  
  26  3:06  SCV  
  27  3:15  SCV, Refinery  
  27  3:18  SCV  
  29  3:26  Fusion Core  
  29  3:27  SCV  
  29  3:30  SCV  
  31  3:34  Engineering Bay  
  31  3:39  SCV  
  32  3:42  SCV, Factory Tech Lab  
  33  3:51  SCV  
  34  4:03  Orbital Command  
  34  4:13  Battlecruiser  
  40  4:18  Starport  
  40  4:24  Missile Turret  
  40  4:26  SCV  
  41  4:38  SCV  
  42  4:41  SCV  
  43  4:50  SCV  
  44  4:53  SCV  
  44  4:55  Battlecruiser  
  51  5:02  SCV  
  51  5:05  SCV  
  53  5:14  SCV  
  54  5:28  Supply Depot  
  54  5:30  Supply Depot  
  54  5:49  Battlecruiser, SCV x2  
  62  5:58  Command Center  
  62  5:59  Battlecruiser  
  62  6:01  SCV  
  62  6:54  Battlecruiser  
  62  7:03  Battlecruiser  
  68  7:17  SCV  
  69  7:26  Weapon Refit, Starport  
  69  7:29  SCV  
  70  7:34  Armory  
  70  7:36  Missile Turret  
  70  7:37  Armory, Missile Turret  
  70  7:38  Command Center  
  70  7:54  SCV  
  68  8:03  Battlecruiser  
  62  8:30  Ghost Academy  
  62  8:37  Factory Tech Lab  
  62  8:38  Terran Ship Weapons Level 1, Terran Vehicle And Ship Armor Level 1  
  62  8:50  Command Center  
  62  9:01  Battlecruiser  
  62  9:02  Command Center  
  68  9:06  Refinery  
  68  9:14  Missile Turret  
  67  9:37  Supply Depot  
  67  9:38  Supply Depot  
  67  9:58  SCV x2  
  67  9:59  Battlecruiser  
  75  10:05  Battlecruiser  
  81  10:10  SCV x2  
  81  10:12  Supply Depot  
  81  10:13  Supply Depot  
  81  10:14  Battlecruiser  
  89  10:16  Refinery  
  89  10:18  Nuke  
  89  10:22  SCV x2  
  91  10:34  SCV x2  
  93  10:39  Thor  
  99  10:43  Supply Depot  
  99  10:46  Planetary Fortress  
  99  10:49  Supply Depot  
  99  10:57  Missile Turret  
  99  11:03  SCV x2  
  101  11:15  SCV x2  
  101  11:17  Missile Turret  
  101  11:18  Battlecruiser, Missile Turret  
  109  11:25  Missile Turret  
  109  11:54  Battlecruiser x2  
Tags
 
Add a new tag
Caveats
  • Supply blocks, unpowered buildings, or Contaminate may cause inaccurate times.
  • Supply counts are checked every 10 seconds.